 Dungeon Crawl Stone Soup version 0.16.2-2-g470672f (webtiles) character file.

6531 seyes the Thaumaturge (level 11, -14/92 HPs)
             Began as a Naga Fire Elementalist on Aug 19, 2015.
             Was an Elder of Sif Muna.
             Demolished by a six-headed hydra (15 damage)
             ... on level 10 of the Dungeon on Aug 20, 2015.
             The game lasted 02:25:38 (11774 turns).

seyes the Thaumaturge (Naga Fire Elementalist)     Turns: 11774, Time: 02:25:39

Health: -14/92     AC:  6    Str: 11    XL:     11   Next: 1%
Magic:  9/28       EV: 11    Int: 23    God:    Sif Muna [****..]
Gold:   521        SH:  0    Dex: 11    Spells: 6 memorised, 7 levels left

rFire  . . .     SeeInvis +     f - +0 hunting sling
rCold  . . .     Clarity  .     K - +0 robe
rNeg   + . .     SustAb   .     (no shield)
rPois  +         Gourm    .     (no helmet)
rElec  .         Spirit   .     J - +0 cloak
rCorr  .         Warding  +     L - +0 pair of gloves (curse)
rMut   .         Stasis   .     (no barding)
MR     +....                    m - amulet of warding
Stlth  ++........               h - +4 ring of intelligence
                                t - ring of wizardry

@: very slow, somewhat resistant to hostile enchantments, unstealthy
A: spit poison, see invisible, deformed body, poison resistance, slowness 2, AC
+3
a: Spit Poison, Channel Energy, Forget Spell, Renounce Religion


You were on level 10 of the Dungeon.
You worshipped Sif Muna.
Sif Muna was greatly pleased with you.
You were hungry.

You visited 2 branches of the dungeon, and saw 11 of its levels.
You also visited: Ossuary.

You collected 521 gold pieces.

Inventory:

Hand weapons
 f - a +0 hunting sling (weapon)
 i - a +2 whip of electrocution
 F - a +2 whip of freezing
 G - a +0 blowgun
Missiles
 d - 113 stones
 w - 16 tomahawks
 y - 78 sling bullets (quivered)
 B - 39 poisoned needles
 S - a throwing net
Armour
 r - a +0 shield
 s - a cursed +0 chain mail
 D - a +0 leather armour
 J - a +0 cloak (worn)
 K - a +0 robe (worn)
 L - a cursed +0 pair of gloves (worn)
 P - a troll hide
Magical staves
 H - an uncursed staff of earth
Jewellery
 h - a +4 ring of intelligence (right hand)
 m - an amulet of warding (around neck)
 t - a ring of wizardry (left hand)
 N - an uncursed ring of protection from magic
Magical devices
 E - a wand of flame (31)
 I - a wand of frost (12)
 U - a wand of disintegration (18)
 V - a wand of lightning (6)
Scrolls
 a - a scroll of recharging
 g - 2 scrolls of magic mapping
 l - 2 scrolls of remove curse
Potions
 j - 2 potions of curing {unknown}
 k - a potion of lignification {unknown}
 n - a potion of cancellation {unknown}
 o - 2 potions of brilliance
 p - 2 potions of mutation {unknown}
 q - a potion of heal wounds {unknown}
 v - a potion of resistance {unknown}
 z - a potion of might
 C - a potion of flight {unknown}
 M - 2 potions of magic {unknown}
 Q - a potion of agility {unknown}
Books
 b - a book of Flames

   Spells                             Type                      Level
   a - Flame Tongue                   Conjuration/Fire             1
   b - Throw Flame                    Conjuration/Fire             2
   c - Conjure Flame                  Conjuration/Fire             3
   d - Inner Flame                    Hexes/Fire                   3
   e - Sticky Flame                   Conjuration/Fire             4
   f - Fireball                       Conjuration/Fire             5
 e - a book of Enchantments

   Spells                             Type                      Level
   a - Tukima's Dance                 Hexes                        3
   b - Cause Fear                     Hexes                        4
   c - Silence                        Hexes/Air                    5
   d - Deflect Missiles               Charms/Air                   6
   e - Haste                          Charms                       6
   f - Discord                        Hexes                        8
 u - a book of Cantrips

   Spells                             Type                      Level
   a - Corona                         Hexes                        1
   b - Animate Skeleton               Necromancy                   1
   c - Summon Small Mammal            Summoning                    1
   d - Apportation                    Translocation                1
 x - a Young Poisoner's Handbook

   Spells                             Type                      Level
   a - Sting                          Conjuration/Poison           1
   b - Cure Poison                    Poison                       2
   c - Mephitic Cloud                 Conjuration/Poison/Air       3
   d - Olgreb's Toxic Radiance        Poison                       4
   e - Venom Bolt                     Conjuration/Poison           5
 W - a book of Clouds

   Spells                             Type                      Level
   a - Mephitic Cloud                 Conjuration/Poison/Air       3
   b - Conjure Flame                  Conjuration/Fire             3
   c - Poisonous Cloud                Conjuration/Poison/Air       6
   d - Freezing Cloud                 Conjuration/Ice/Air          6
   e - Ring of Flames                 Charms/Fire                  7
Comestibles
 c - 8 bread rations
 R - 2 meat rations
 T - 3 beef jerkies


   Skills:
 - Level 4.0 Fighting
 - Level 4.0 Dodging
 - Level 3.0 Stealth
 + Level 5.0 Shields
 + Level 9.2 Spellcasting
 - Level 7.0 Conjurations
 - Level 7.2 Fire Magic
 + Level 2.7 Poison Magic


You had 7 spell levels left.
You knew the following spells:

 Your Spells              Type           Power        Failure   Level  Hunger
a - Flame Tongue          Conj/Fire      #####        1%          1    None
b - Conjure Flame         Conj/Fire      #####...     1%          3    None
c - Sticky Flame          Conj/Fire      #####...     1%          4    ##.....
d - Fireball              Conj/Fire      #####.....   4%          5    ####...
e - Mephitic Cloud        Conj/Pois/Air  ####....     2%          3    None
f - Venom Bolt            Conj/Pois      ####......   10%         5    ####...


Dungeon Overview and Level Annotations

Branches:
Dungeon (10/15)            Temple (1/1) D:4
   Lair: D:8-11         Orc: D:9-12

Altars:
Cheibriados
Dithmenos
Elyvilon
Kikubaaqudgha
Makhleb
Nemelex Xobeh
Okawaru
Qazlal
Ru
Sif Muna
Trog
Vehumet
Xom
Yredelemnul
Zin
The Shining One


Innate Abilities, Weirdness & Mutations

You cannot wear boots.
You can spit poison.
Your serpentine skin is tough (AC +3).
You have supernaturally acute eyesight.
Armour fits poorly on your strangely shaped body.
Your system is resistant to poisons.
You cover ground very slowly.


Message History

The six-headed hydra is moderately wounded.
The six-headed hydra is covered in liquid flames!
The six-headed hydra burns!
The six-headed hydra bites you but does no damage.
The six-headed hydra closely misses you.
The six-headed hydra bites you! x2
* * * LOW HITPOINT WARNING * * *
The six-headed hydra bites you.
* * * LOW HITPOINT WARNING * * *
The six-headed hydra closely misses you.
The six-headed hydra burns!
The six-headed hydra burns! x2
The six-headed hydra bites you.
* * * LOW HITPOINT WARNING * * *
The six-headed hydra bites you!
* * * LOW HITPOINT WARNING * * *
The six-headed hydra bites you.
* * * LOW HITPOINT WARNING * * *
The six-headed hydra bites you!
You die...

#..................
#........รท..........
#...=...<...........
#................./.
#..............(.....
#<.........((.(...((.
.....###.....).)......
......
#......D........ ##...
#......@....(... #...
#.........(..... .
#..............
#..............
#.######..(.... .
.##### .# .# .


You could see a six-headed hydra (burning).

Vanquished Creatures
  Pikel (D:7)
  Joseph (D:8)
  2 trolls (D:9)
  2 deep elf magi (D:9)
  A hungry ghost (D:8)
  4 yaks (D:5)
  4 killer bees (D:7)
  A steam dragon (D:10)
  A hippogriff (D:7)
  Edmund (D:7)
  Menkaure (D:7)
  3 ice beasts
  A slave (D:7)
  A phantom (D:9)
  3 sky beasts
  4 ogres
  A black bear (D:8)
  An eye of draining (D:9)
  4 centaurs
  3 orc warriors
  Sigmund (D:7)
  A big kobold (D:10)
  5 giant frogs
  4 hounds
  2 crimson imps
  A quasit (D:7)
  An orc priest (D:8)
  2 goliath beetles
  3 jellies
  A centaur zombie (D:5)
  A giant frog zombie (D:5)
  An iguana (D:4)
  A giant frog skeleton (D:7)
  4 orc wizards
  A killer bee zombie (D:8)
  6 worker ants
  A hound zombie (D:8)
  A hound skeleton (D:5)
  A mummy (D:9)
  9 adders
  2 giant mites (D:5)
  A shadow imp (D:9)
  4 worms
  An adder zombie (D:7)
  An ooze (D:3)
  24 orcs
  A bat skeleton (D:5)
  A bat zombie (D:5)
  6 giant cockroaches
  11 goblins
  16 hobgoblins
  18 jackals
  26 kobolds
  8 quokkas
  2 ball pythons
  23 bats
  2 giant cockroach zombies
  6 giant geckos
  7 giant newts
  A giant spore (D:5)
  20 rats
  4 ballistomycetes (D:5)
272 creatures vanquished.

Vanquished Creatures (collateral kills)
  A giant frog (D:8)
1 creature vanquished.

Vanquished Creatures (others)
  3 slaves (D:7)
  A ball python (D:7)
4 creatures vanquished.

Grand Total: 277 creatures vanquished

Notes
Turn   | Place    | Note
--------------------------------------------------------------
     0 | D:1      | seyes, the Naga Fire Elementalist, began the quest for the Orb.
     0 | D:1      | Reached XP level 1. HP: 15/15 MP: 3/3
   167 | D:1      | Reached XP level 2. HP: 22/22 MP: 2/4
   675 | D:1      | Reached XP level 3. HP: 28/28 MP: 6/6
  1081 | D:2      | Learned a level 3 spell: Conjure Flame
  1093 | D:2      | Reached XP level 4. HP: 36/36 MP: 5/7
  1947 | D:3      | Reached XP level 5. HP: 40/42 MP: 0/9
  2331 | D:3      | Found a burning altar of Makhleb.
  2331 | D:3      | Noticed a balrug
  2424 | D:3      | Reached skill level 4 in Fire Magic
  2643 | D:3      | Found a shimmering altar of Xom.
  2647 | D:3      | Found a sparkling altar of Nemelex Xobeh.
  2654 | D:3      | Found an iron altar of Okawaru.
  2659 | D:3      | Found a burning altar of Makhleb.
  3043 | D:4      | Noticed a fire elemental
  3045 | D:4      | Found a stormy altar of Qazlal.
  3052 | D:4      | Noticed a water elemental
  3052 | D:4      | Noticed an air elemental
  3579 | D:4      | Found a staircase to the Ecumenical Temple.
  3585 | Temple   | Entered the Ecumenical Temple
  3637 | Temple   | Became a worshipper of Sif Muna the Loreminder
  3937 | D:4      | Reached XP level 6. HP: 12/49 MP: 7/10
  4199 | D:4      | Learned a level 4 spell: Sticky Flame
  4200 | D:5      | Entered Level 5 of the Dungeon
  4281 | D:5      | Found a sand-covered staircase.
  4296 | Ossuary  | Entered an ossuary
  4359 | D:5      | Reached skill level 5 in Fire Magic
  4549 | D:5      | Reached skill level 5 in Conjurations
  4636 | D:5      | Reached XP level 7. HP: 46/55 MP: 12/12
  4880 | D:5      | Acquired Sif Muna's first power
  5022 | D:5      | Noticed a yak
  5025 | D:5      | Noticed a yak
  5030 | D:5      | Noticed a yak
  5034 | D:5      | Noticed a yak
  5036 | D:5      | Killed a yak
  5036 | D:5      | Reached skill level 6 in Fire Magic
  5041 | D:5      | Killed a yak
  5048 | D:5      | Killed a yak
  5048 | D:5      | Acquired Sif Muna's second power
  5048 | D:5      | Reached XP level 8. HP: 29/62 MP: 8/13
  5052 | D:5      | Killed a yak
  5052 | D:5      | Reached skill level 7 in Fire Magic
  5574 | D:5      | Learned a level 5 spell: Fireball
  6773 | D:6      | Found a glowing silver altar of Zin.
  6905 | D:6      | Reached skill level 1 in Fighting
  7236 | D:7      | Noticed Menkaure
  7240 | D:7      | Killed Menkaure
  7240 | D:7      | Reached XP level 9. HP: 70/73 MP: 13/20
  7347 | D:7      | Noticed Sigmund
  7434 | D:7      | Noticed Pikel
  7435 | D:7      | Reached skill level 5 in Spellcasting
  7471 | D:7      | Killed Pikel
  7820 | D:7      | Noticed Edmund
  7828 | D:7      | Killed Edmund
  8498 | D:7      | Killed Sigmund
  8498 | D:7      | Reached XP level 10. HP: 85/85 MP: 14/25
  8637 | D:7      | Found a radiant altar of Vehumet.
  8770 | D:8      | Reached skill level 1 in Shields
  9328 | D:8      | Acquired Sif Muna's third power
  9512 | D:8      | Noticed a moth of wrath
  9514 | D:8      | Found a bloodstained altar of Trog.
  9680 | D:8      | Reached skill level 8 in Spellcasting
  9696 | D:8      | Found a glowing golden altar of the Shining One.
  9827 | D:8      | Noticed Joseph
  9838 | D:8      | Killed Joseph
 11200 | D:9      | Reached skill level 9 in Spellcasting
 11216 | D:9      | Learned a level 3 spell: Mephitic Cloud
 11222 | D:9      | Learned a level 5 spell: Venom Bolt
 11340 | D:9      | Reached skill level 1 in Poison Magic
 11707 | D:10     | Entered Level 10 of the Dungeon
 11758 | D:10     | Reached skill level 5 in Shields
 11758 | D:10     | Reached XP level 11. HP: 75/92 MP: 7/28
 11766 | D:10     | Noticed a six-headed hydra
 11774 | D:10     | HP: 3/92 [six-headed hydra (8)]
 11774 | D:10     | HP: 1/92 [six-headed hydra (2)]
 11774 | D:10     | Demolished by a six-headed hydra

Action                   |  1- 3 |  4- 6 |  7- 9 | 10-12 || total
-------------------------+-------+-------+-------+-------++-------
Melee: Dagger            |     6 |       |       |       ||     6
       Whip              |       |    37 |   100 |    29 ||   166
 Fire: Hunting sling     |    14 |    74 |    38 |    34 ||   160
Throw: Stone             |    12 |     5 |     1 |       ||    18
       Tomahawk          |       |       |     5 |     7 ||    12
 Cast: Flame Tongue      |     6 |    39 |    72 |    57 ||   174
       Conjure Flame     |       |     2 |    10 |     5 ||    17
       Sticky Flame      |       |       |    14 |    37 ||    51
       Fireball          |       |       |     7 |    22 ||    29
       Venom Bolt        |       |       |       |     2 ||     2
       Mephitic Cloud    |       |       |       |     1 ||     1
Invok: Channel Energy    |       |       |    19 |     4 ||    23
 Abil: Spit Poison       |    32 |    37 |    32 |    34 ||   135
  Use: Scroll            |     5 |     3 |     6 |     7 ||    21
       Potion            |       |     2 |     2 |       ||     4
  Eat: Chunk             |     2 |    11 |    18 |    12 ||    43
       Beef jerky        |       |     1 |       |     3 ||     4
       Bread ration      |       |     1 |     1 |       ||     2
